 Dungeon Crawl Stone Soup version 0.24.0-1-gfbc8707 (webtiles) character file.

Game seed: 10303638380818299490, levelgen mode: deterministic

609686 Faca the Halfling Catapult (level 27, 0/197 HPs)
             Began as a Halfling Hunter on Nov 6, 2019.
             Was the Champion of Okawaru.
             Killed by drain life
             ... invoked by a deathcap
             ... summoned by a curse toe
              (10 damage)
             ... on level 2 of the Realm of Zot.
             The game lasted 05:19:11 (86557 turns).

Faca the Halfling Catapult (Halfling Hunter)       Turns: 86557, Time: 05:19:12

Health: 0/197      AC: 20    Str: 31    XL:     27
Magic:  39/39      EV: 36    Int:  9    God:    Okawaru [******]
Gold:   6050       SH: 24    Dex: 25    Spells: 26/26 levels left

rFire    + + .     SeeInvis .   k - +8 rapier of Diet Blood {pierce, rElec}
rCold    + . .     Gourm    .   E - +5 shield {reflect}
rNeg     + . .     Faith    .   L - +2 ring mail of Charity {Str+5 Int-2 Dex+9 Stlth-}
rPois    +         Spirit   .   X - +2 hat {MR+}
rElec    +         Reflect  +   y - scarf {rC+ rF+}
rCorr    +         Harm     .   r - +0 pair of gloves "Cirin" {rC+ Str+2}
MR       +++++                  A - +2 pair of boots {run}
Stlth    +.........             U - amulet of the Philosopher {+Blink +Fly rN+ MR+ Regen+ Dex-3}
HPRegen  0.00/turn              u - ring of the Distant Future {rPois rCorr MP+9 Str+2}
MPRegen  0.26/turn              G - ring of Dawn {Fire rElec MR+ Int+2}

@: studying Invocations, quick
A: small, slimy green scales 1, mutation resistance 1, inhibited regeneration
}: 3/15 runes: decaying, silver, gossamer
a: Heroism, Finesse, Renounce Religion, Evoke Blink, Evoke Flight


You were on level 2 of the Realm of Zot.
You worshipped Okawaru.
Okawaru was exalted by your worship.
You were not hungry.

You visited 10 branches of the dungeon, and saw 47 of its levels.
You also visited: Trove and Gauntlet.

You collected 7848 gold pieces.
You spent 1798 gold pieces at shops.

Inventory:

Hand Weapons
 k - the +8 rapier of Diet Blood (weapon) {pierce, rElec}
   (You took it off an ironheart preserver on level 5 of the Vaults)

   It inflicts extra damage upon your enemies.
   It insulates you from electricity.
 J - a +6 fustibalus of velocity
 W - the +8 arc blade {discharge, rElec}
   (Okawaru gifted it to you on level 2 of the Depths)

   It insulates you from electricity.
Missiles
 d - 899 sling bullets
 j - 592 stones (quivered)
Armour
 r - the +0 pair of gloves "Cirin" (worn) {rC+ Str+2}
   (Okawaru gifted it to you on level 4 of the Vaults)

   It affects your strength (+2).
   It protects you from cold.
 y - a scarf of resistance (worn)
 A - a +2 pair of boots of running (worn)
 E - a +5 shield of reflection (worn)
 L - the +2 ring mail of Charity (worn) {Str+5 Int-2 Dex+9 Stlth-}
   (Okawaru gifted it to you in a Gauntlet)

   It affects your strength (+5).
   It affects your intelligence (-2).
   It affects your dexterity (+9).
   It makes you less stealthy.
 X - a +2 hat of magic resistance (worn)
Jewellery
 l - the amulet "Iklosm" {Reflect Str+4 SH+2}
   (You found it in a treasure trove)

   [amulet of reflection]

   It shields you and reflects attacks.
   It affects your strength (+4).
   It affects your SH (+2).
 u - the ring of the Distant Future (left hand) {rPois rCorr MP+9 Str+2}
   (You found it in a Gauntlet)

   [ring of resist corrosion]

   It affects your strength (+2).
   It protects you from poison.
   It affects your magic capacity (+9).
   It provides partial protection from all sources of acid and corrosion.
 v - the ring "Tesk" {Ice MR++ Str-4 Int+3}
   (You acquired it on level 8 of the Dungeon)

   [ring of ice]

   It enhances your ice magic.
   It affects your strength (-4).
   It affects your intelligence (+3).
   It makes you vulnerable to fire.
   It protects you from cold.
   It affects your resistance to hostile enchantments.
 G - the ring of Dawn (right hand) {Fire rElec MR+ Int+2}
   (You acquired it on level 8 of the Dungeon)

   [ring of fire]

   It enhances your fire magic.
   It affects your intelligence (+2).
   It protects you from fire.
   It makes you vulnerable to cold.
   It insulates you from electricity.
   It affects your resistance to hostile enchantments.
 K - an uncursed ring of see invisible
 R - the ring "Jazxeble" {MR+ Int-5 Dex+7 Slay+5}
   (You took it off a rakshasa on level 2 of the Vaults)

   [ring of protection from magic]

   It affects your intelligence (-5).
   It affects your dexterity (+7).
   It affects your accuracy and damage with ranged weapons and melee attacks
   (+5).
   It affects your resistance to hostile enchantments.
 U - the amulet of the Philosopher (around neck) {+Blink +Fly rN+ MR+ Regen+ Dex-3}
   (You acquired it on level 2 of the Vaults)

   [amulet of regeneration]

   It affects your dexterity (-3).
   It protects you from negative energy.
   It affects your resistance to hostile enchantments.
   It lets you fly.
   It lets you blink.
   It increases your rate of regeneration.
Wands
 s - a wand of digging (6)
Scrolls
 g - 6 scrolls of fog
 i - 3 scrolls of fear
 p - 22 scrolls of remove curse
 t - 5 scrolls of immolation
 C - 7 scrolls of magic mapping
 F - 3 scrolls of summoning
 H - a scroll of enchant weapon
 I - a scroll of brand weapon
 N - 2 scrolls of holy word
 P - 12 scrolls of identify
 Q - 7 scrolls of teleportation
 V - 2 scrolls of silence
Potions
 b - 11 potions of curing
 c - 7 potions of flight
 h - 7 potions of mutation
 m - 6 potions of resistance
 o - 2 potions of invisibility
 q - 8 potions of agility
 w - 6 potions of lignification
 x - 7 potions of cancellation
 z - 4 potions of berserk rage
 B - 7 potions of might
 D - 5 potions of brilliance
 M - 14 potions of ambrosia
 O - 6 potions of haste
Books
 e - a manual of Invocations
 S - a manual of Invocations
Comestibles
 f - 71 rations


   Skills:
 + Level 18.5 Fighting
 + Level 18.8 Short Blades
 O Level 27 Slings
 + Level 18.6 Armour
 + Level 22.7 Dodging
 - Level 1.1 Stealth
 - Level 21.0 Shields
 - Level 10.0 Invocations


You had 26 spell levels left.
You didn't know any spells.
Your spell library contained the following spells:

 Spells                   Type           Power        Failure   Level  Hunger
 Animate Skeleton         Necr           N/A          45%         1    ##.....
 Apportation              Tloc           #.....       45%         1    ##.....
 Beastly Appendage        Tmut           #.....       45%         1    ##.....
 Confusing Touch          Hex            #.....       45%         1    ##.....
 Corona                   Hex            #......      45%         1    ##.....
 Flame Tongue             Conj/Fire      #....        45%         1    ##.....
 Freeze                   Ice            #...         45%         1    ##.....
 Infusion                 Chrm           #...         45%         1    ##.....
 Magic Dart               Conj           #...         45%         1    ##.....
 Pain                     Necr           #...         45%         1    ##.....
 Sting                    Conj/Pois      #...         45%         1    ##.....
 Summon Butterflies       Summ           #.......     45%         1    ##.....
 Summon Small Mammal      Summ           #...         45%         1    ##.....
 Blink                    Tloc           N/A          58%         2    ###....
 Call Imp                 Summ           #.......     58%         2    ###....
 Corpse Rot               Necr           N/A          58%         2    ###....
 Poisonous Vapours        Pois/Air       #.....       58%         2    ###....
 Searing Ray              Conj           #.....       58%         2    ###....
 Shroud of Golubria       Chrm/Tloc      #.....       58%         2    ###....
 Slow                     Hex            #.......     58%         2    ###....
 Song of Slaying          Chrm           #.......     58%         2    ###....
 Sticks to Snakes         Tmut           #.......     58%         2    ###....
 Throw Flame              Conj/Fire      #.....       58%         2    ###....
 Throw Frost              Conj/Ice       #.....       58%         2    ###....
 Confuse                  Hex            #.......     83%         3    ####...
 Conjure Flame            Conj/Fire      #.......     83%         3    ####...
 Dazzling Spray           Conj/Hex       #.....       83%         3    ####...
 Gell's Gravitas          Tloc           #.........   83%         3    ####...
 Inner Flame              Hex/Fire       #.......     83%         3    ####...
 Lesser Beckoning         Tloc           #.........   83%         3    ####...
 Mephitic Cloud           Conj/Pois/Air  #.......     83%         3    ####...
 Ozocubu's Armour         Chrm/Ice       #.......     83%         3    ####...
 Portal Projectile        Hex/Tloc       #.....       83%         3    ####...
 Recall                   Summ/Tloc      N/A          83%         3    ####...
 Regeneration             Chrm/Necr      #.........   83%         3    ####...
 Spectral Weapon          Hex/Chrm       #.......     83%         3    ####...
 Spider Form              Tmut/Pois      #.........   83%         3    ####...
 Static Discharge         Conj/Air       #.......     83%         3    ####...
 Tukima's Dance           Hex            #.......     83%         3    ####...
 Vampiric Draining        Necr           #.........   83%         3    ####...
 Airstrike                Air            #.........   99%         4    #####..
 Animate Dead             Necr           N/A          99%         4    #####..
 Cause Fear               Hex            #.........   99%         4    #####..
 Force Lance              Conj/Tloc      #.......     99%         4    #####..
 Fulminant Prism          Conj/Hex       #.........   99%         4    #####..
 Ice Form                 Ice/Tmut       #.......     99%         4    #####..
 Iskenderun's Mystic Bla  Conj           #.......     99%         4    #####..
 Leda's Liquefaction      Hex/Erth       #.........   99%         4    #####..
 Olgreb's Toxic Radiance  Pois           #.......     99%         4    #####..
 Petrify                  Tmut/Erth      #.......     99%         4    #####..
 Sticky Flame             Conj/Fire      #.......     99%         4    #####..
 Summon Ice Beast         Ice/Summ       #.......     99%         4    #####..
 Throw Icicle             Conj/Ice       #.......     99%         4    #####..
 Agony                    Necr           #.......     100%        5    ######.
 Alistair's Intoxication  Tmut/Pois      #.......     100%        5    ######.
 Aura of Abjuration       Summ           #.........   100%        5    ######.
 Blade Hands              Tmut           #.........   100%        5    ######.
 Bolt of Magma            Conj/Fire/Erth #.........   100%        5    ######.
 Borgnjor's Vile Clutch   Necr/Erth      #.........   100%        5    ######.
 Excruciating Wounds      Chrm/Necr      #.........   100%        5    ######.
 Fireball                 Conj/Fire      #.........   100%        5    ######.
 Lightning Bolt           Conj/Air       #.........   100%        5    ######.
 Metabolic Englaciation   Hex/Ice        #.........   100%        5    ######.
 Silence                  Hex/Air        #.........   100%        5    ######.
 Summon Demon             Summ           #.........   100%        5    ######.
 Summon Forest            Summ/Tloc      #.........   100%        5    ######.
 Summon Mana Viper        Hex/Summ       #.......     100%        5    ######.
 Venom Bolt               Conj/Pois      #.........   100%        5    ######.
 Yara's Violent Unravell  Hex/Tmut       #.........   100%        5    ######.
 Bolt of Fire             Conj/Fire      #.........   100%        6    #######
 Conjure Ball Lightning   Conj/Air       #.........   100%        6    #######
 Death Channel            Necr           #.........   100%        6    #######
 Deflect Missiles         Chrm/Air       #.........   100%        6    #######
 Dispersal                Tloc           #.........   100%        6    #######
 Freezing Cloud           Conj/Ice/Air   #.........   100%        6    #######
 Invisibility             Hex            #.......     100%        6    #######
 Ozocubu's Refrigeration  Ice            #.........   100%        6    #######
 Poison Arrow             Conj/Pois      #.........   100%        6    #######
 Shadow Creatures         Summ           N/A          100%        6    #######
 Simulacrum               Ice/Necr       #.........   100%        6    #######
 Dragon Form              Tmut           #.........   100%        7    #######
 Chain Lightning          Conj/Air       #.........   100%        8    #######
 Controlled Blink         Tloc           N/A          100%        8    #######
 Discord                  Hex            #.........   100%        8    #######
 Disjunction              Tloc           #.........   100%        8    #######
 Ignition                 Fire           #.........   100%        8    #######
 Lehudib's Crystal Spear  Conj/Erth      #.........   100%        8    #######
 Dragon's Call            Summ           #.........   100%        9    #######
 Fire Storm               Conj/Fire      #.........   100%        9    #######
 Glaciate                 Conj/Ice       #.........   100%        9    #######
 Shatter                  Erth           #.........   100%        9    #######
 Tornado                  Air            #.........   100%        9    #######


Dungeon Overview and Level Annotations

Branches:
Dungeon (15/15)            Temple (1/1) D:7            Lair (6/6) D:8
  Swamp (4/4) Lair:2       Spider (4/4) Lair:2        Slime (0/5) Lair:6
    Orc (2/2) D:9             Elf (3/3) Orc:2        Vaults (5/5) D:13
  Crypt (0/3) Vaults:2     Depths (5/5) D:15            Zot (2/5) Depths:5
Gauntlet (visited)

Altars:
Ashenzari
Cheibriados
Dithmenos
Elyvilon
Fedhas
Gozag
Hepliaklqana
Kikubaaqudgha
Makhleb
Nemelex Xobeh
Okawaru
Qazlal
Ru
Sif Muna
Trog
Uskayaw
Vehumet
Wu Jian
Xom
Yredelemnul
Zin
The Shining One
Jiyva

Shops:
D:8 }   Orc:2 **}:[!!   Elf:1 *

Portals:
Hell: Depths:1 Depths:2 Depths:3 Depths:4 Depths:5
Abyss: Depths:1 Depths:2 Depths:4
Pandemonium: Depths:1 Depths:3 Depths:5
Ziggurat: Depths:2

Annotations:
D:3 Grinder
Spider:4 Roxanne
Elf:2 5 runed translucent doors
Zot:1 4 transporters, Juzit's ghost, legendary GnFi


Innate Abilities, Weirdness & Mutations

You are small and have problems with some larger weapons.
You are somewhat resistant to further mutation.
You are partially covered in slimy green scales. (AC +2)
You do not regenerate when monsters are visible.


Message History

You hit the curse toe but do no damage.
The curse toe is severely damaged.
You hit the curse toe but do no damage.
The curse toe is heavily damaged.
You block the deathcap's attack.
You hit the curse toe.
The curse toe is severely damaged.
You hit the curse toe.
The curse toe is severely damaged.
You block the deathcap's attack.
You hit the curse toe.
The curse toe is almost destroyed.
The curse toe calls on the powers of darkness!
Your body is wracked with pain!
* * * LOW HITPOINT WARNING * * *
You hit the curse toe but do no damage.
The curse toe is almost destroyed.
You block the deathcap's attack.
The deathcap draws from the surrounding life force!
You die...

*#..* *,,* *,,,* *,.##
*,..* **,..# ##...##
*,...# #.....# *.(..#*
##.....## *#(..#,*
##.......# *#(...#,*
.........## #####z...#***
..........###...@....#.,*
.............ff.f......#*
.............ffff......#
...#...........f......##
...##......#####...(..#
....##....## ##....##
....##...## *....#
....###..# *#..## ...<#
#..# *,..#


You could see a curse toe, 4 deathcaps and 4 wandering mushrooms.

Vanquished Creatures
  An ancient lich (Depths:2)
  2 juggernauts
  Sojobo (Vaults:4)
  Margery (Depths:5)
  A caustic shrike (Depths:4)
  2 curse toes (Zot:2)
  Jory (Vaults:2)
  2 golden dragons
  Nikola (Swamp:3)
  Arachne (Spider:3)
  The ghost of flyingllamaman the Severer, an adept FoFi of Gozag (Vaults:2)
  3 liches
  An electric golem (Zot:2)
  Jorgrun (D:13)
  14 tentacled monstrosities
  2 quicksilver dragons
  2 deep elf blademasters
  2 deep elf master archers (Elf:3)
  5 titans
  Asterion (Spider:3)
  3 sphinxes
  6 death cobs
  Agnes (Elf:2)
  4 thorn hunters
  Frances (D:13)
  8 shadow dragons
  9 tengu reavers
  11 storm dragons
  Donald (Elf:1)
  8 draconian monks (Zot:1)
  10 vault wardens
  13 fire giants
  Louise (Spider:2)
  9 deep elf sorcerers
  21 frost giants
  3 ghost moths (Spider:4)
  An iron dragon (Vaults:5)
  3 draconian knights
  A cacodemon (Depths:3)
  Aizul (Spider:2)
  A draconian scorcher (Zot:1)
  A draconian annihilator (Zot:2)
  2 draconian shifters (Depths:5)
  A ghoul (Vaults:5)
  7 emperor scorpions
  10 deep elf elementalists
  5 draconian stormcallers
  13 ironheart preservers
  2 spriggan defenders (Depths:4)
  2 entropy weavers (Spider:1)
  Nessos (D:13)
  44 very ugly things
  A green draconian (Zot:1)
  2 war gargoyles
  2 deep elf demonologists (Elf:3)
  26 stone giants
  9 deep elf annihilators
  6 vampire knights
  Azrael (D:13)
  4 black draconians
  12 spark wasps
  9 red draconians
  3 white draconians
  8 purple draconians
  A minotaur (Gauntlet)
  Snorg (D:9)
  7 yellow draconians
  16 ettins
  Josephine (D:9)
  2 green deaths (Swamp:4)
  5 deep elf death magi
  20 yaktaur captains
  12 fire dragons
  3 jiangshi (Depths:2)
  10 great orbs of eyes
  A deep elf high priest (Elf:3)
  7 rakshasas
  3 hell beasts
  12 ice dragons
  Erica (D:11)
  23 vault guards (Vaults:5)
  A ghost crab (Swamp:3)
  4 spriggan air magi
  19 hydras
  A catoblepas (D:14)
  4 death knights
  76 two-headed ogres
  A shambling mangrove (Swamp:3)
  15 centaur warriors
  13 alligators
  A death yak (Lair:5)
  7 deep troll shamans
  A queen ant (Spider:1)
  3 vampire magi
  22 ogre magi
  15 dancing weapons
  13 deep troll earth magi
  4 tengu warriors
  14 spriggan berserkers
  13 hell knights
  A thrashing horror (Swamp:4)
  13 deep elf knights
  Urug (D:9)
  3 skeletal warriors
  2 shadow wraiths
  4 iron trolls
  A sea snake (shapeshifter) (Vaults:1)
  2 spriggan druids (Swamp:4)
  3 unseen horrors
  A fire crab (shapeshifter) (Vaults:5)
  An infernal demonspawn (Depths:1)
  24 deep trolls
  An unseen horror (shapeshifter) (Depths:1)
  The ghost of Ixtylaz the Covert, a novice FeSu (Lair:3)
  5 wizards
  19 deep elf archers
  3 glowing orange brains (shapeshifter)
  3 flayed ghosts
  6 glowing orange brains
  6 swamp dragons
  A gelid demonspawn (Depths:1)
  16 orc knights
  An orange crystal statue (Depths:5)
  20 orb spiders
  6 phantasmal warriors
  12 necromancers
  2 wolf spider zombies
  14 ironbrand convokers
  4 harpies (Depths:1)
  An orc sorcerer (Orc:2)
  27 wolf spiders
  A cyclops (shapeshifter) (Vaults:5)
  57 ugly things
  58 deep elf magi
  9 cyclopes
  2 shining eyes (shapeshifter)
  2 salamanders (Depths:5)
  16 moths of wrath
  10 manticores
  A water nymph (shapeshifter) (Vaults:1)
  4 large abominations
  9 vault sentinels
  Psyche (D:11)
  6 centaur zombies
  A stone giant skeleton (Depths:1)
  21 spiny frogs
  4 torpor snails
  A gargoyle (D:14)
  3 centaur skeletons
  A rime drake (Lair:6)
  2 orange demons
  The ghost of athos the Geomancer, a novice VSEE of Qazlal (D:5)
  10 freezing wraiths
  An efreet (D:15)
  56 yaktaurs
  2 kobold demonologists (D:15)
  A komodo dragon (shapeshifter) (Vaults:5)
  4 komodo dragons
  4 demonic crawlers
  A small abomination (Elf:3)
  A spriggan skeleton (Depths:1)
  A red devil (Depths:3)
  4 tengu conjurers
  A tyrant leech (shapeshifter) (Vaults:4)
  6 polar bears
  A troll (shapeshifter) (Vaults:1)
  7 tyrant leeches
  33 hornets
  A meliai (shapeshifter) (D:8)
  9 trolls
  23 jumping spiders
  A wolf spider simulacrum (Vaults:1)
  A blink frog (shapeshifter) (Depths:3)
  A sphinx simulacrum (Depths:1)
  Prince Ribbit (D:5)
  An ice dragon zombie (Depths:1)
  A snapping turtle (shapeshifter) (Vaults:4)
  11 blink frogs
  14 bog bodies
  11 hippogriffs
  10 dream sheep
  A slime creature (shapeshifter) (Depths:5)
  55 slime creatures
  A fire dragon zombie (Depths:1)
  32 spriggans
  50 redbacks
  A human simulacrum (Vaults:2)
  4 shadows
  A fire dragon skeleton (Depths:1)
  13 flying skulls (Gauntlet)
  A redback (shapeshifter) (Depths:5)
  10 wraiths
  2 air elementals
  2 tarantellas (shapeshifter)
  7 wyverns
  4 water elementals
  2 ynoxinuls
  32 tarantellas
  5 basilisks
  5 fire elementals
  31 yaks
  2 hungry ghosts
  A chaos spawn (Depths:3)
  A neqoxec (Depths:1)
  A yaktaur simulacrum (Vaults:1)
  A basilisk (shapeshifter) (Depths:3)
  25 vampire mosquitoes
  12 swamp worms
  6 insubstantial wisps
  7 wargs
  5 acid dragons
  A soldier ant (shapeshifter) (D:15)
  8 soldier ants
  12 porcupines
  20 water moccasins
  An acid dragon (shapeshifter) (Vaults:3)
  11 hell hounds
  6 ice beasts
  28 orc warriors
  2 eyes of draining
  2 phantoms
  11 swamp drakes
  A sky beast (D:10)
  A hornet zombie (D:10)
  7 black bears
  3 necrophages
  29 boggarts
  24 centaurs
  67 ogres
  31 wolves
  15 crocodiles
  3 big kobolds
  A gnoll sergeant (D:5)
  15 bullfrogs
  4 earth elementals
  A wyvern zombie (D:14)
  A wyvern skeleton (D:10)
  6 scorpions
  3 killer bees (D:13)
  A tengu skeleton (Depths:1)
  9 wights
  5 electric eels
  2 jellies
  3 howler monkeys (D:8)
  2 lava snakes (Orc:2)
  A bullfrog zombie (D:7)
  10 crimson imps
  2 quasits
  10 hounds
  Crazy Yiuf (D:4)
  2 bullfrog skeletons
  10 orc priests
  An iron imp (Orc:2)
  Ijyb (D:4)
  Terence (D:3)
  6 iguanas
  28 orc wizards
  25 worker ants
  A killer bee zombie (D:7)
  A hound zombie (D:8)
  2 hound skeletons
  12 gnolls
  16 adders
  2 howler monkey skeletons
  6 shadow imps
  A white imp (Orc:2)
  An ooze (D:1)
  3 adder skeletons
  2 adder zombies
  3 worms
  7 leopard geckos
  85 orcs
  2 ball pythons (D:4)
  8 bats
  7 giant cockroaches
  6 goblins
  6 hobgoblins
  4 jackals
  18 kobolds
  4 quokkas
  6 frilled lizards
  5 rats
  A briar patch (Swamp:1)
  A crawling corpse (Elf:3)
  4 plants
2284 creatures vanquished.

Vanquished Creatures (others)
  An ironheart preserver (Vaults:1)
  An ogre mage (Depths:1)
  A vault guard (Vaults:5)
  An alligator (Swamp:4)
  2 deep elf magi
  6 yaktaurs (Vaults:5)
  A demonic crawler (Spider:2)
  A jumping spider (Spider:4)
  A wyvern (D:15)
  An orc warrior (Vaults:2)
  2 swamp drakes (Swamp:4)
  3 ogres
  A bullfrog (D:14)
  An orc (Orc:2)
  A briar patch (Swamp:1)
  A bush (D:8)
  2 fungi
  28 plants
  8 toadstools (Swamp:3)
63 creatures vanquished.

Grand Total: 2347 creatures vanquished

Notes
Turn   | Place    | Note
-------+----------+-------------------------------------------
     0 | D:1      | Faca the Halfling Hunter began the quest for the Orb.
     0 | D:1      | Reached XP level 1. HP: 14/14 MP: 1/1
   107 | D:1      | Reached skill level 1 in Short Blades
   107 | D:1      | Reached skill level 6 in Slings
   107 | D:1      | Reached XP level 2. HP: 14/19 MP: 2/2
   656 | D:1      | Reached XP level 3. HP: 24/24 MP: 3/3
   836 | D:1      | You fall into a shaft and drop 1 floor!
  1757 | D:2      | Reached XP level 4. HP: 30/30 MP: 4/4
  2420 | D:3      | Noticed Terence
  2445 | D:3      | Killed Terence
  2445 | D:3      | Reached XP level 5. HP: 36/36 MP: 5/5
  2579 | D:3      | Reached skill level 7 in Slings
  3249 | D:4      | Reached XP level 6. HP: 42/42 MP: 6/6
  3332 | D:4      | Noticed an ogre
  3346 | D:4      | Killed an ogre
  3548 | D:4      | Reached skill level 8 in Slings
  3713 | D:4      | Found a white marble altar of Elyvilon.
  3713 | D:4      | Found a faded altar of an unknown god.
  3719 | D:4      | Found a hazy altar of Hepliaklqana.
  3721 | D:4      | Found a faded altar of an unknown god.
  3723 | D:4      | Found a shimmering altar of Xom.
  3758 | D:4      | Reached XP level 7. HP: 37/47 MP: 7/7
  3846 | D:4      | Noticed Ijyb
  3869 | D:4      | Killed Ijyb
  3997 | D:4      | Found a snail-covered altar of Cheibriados.
  4167 | D:4      | You fall into a shaft and drop 2 floors!
  4503 | D:5      | Entered Level 5 of the Dungeon
  4585 | D:4      | Noticed Grinder
  4597 | D:4      | Paralysed by Grinder for 7 turns
  4610 | D:4      | Paralysed by Grinder for 3 turns
  4855 | D:4      | Found a runed translucent door.
  4856 | D:4      | Noticed Crazy Yiuf
  5241 | D:5      | Reached skill level 5 in Short Blades
  5439 | D:5      | Found a runed translucent door.
  5449 | D:5      | Noticed athos's ghost (novice VSEE)
  5787 | D:5      | Noticed a water moccasin
  5895 | D:5      | Reached skill level 9 in Slings
  5895 | D:5      | Reached XP level 8. HP: 29/52 MP: 8/8
  6240 | D:6      | Reached skill level 5 in Fighting
  7256 | D:6      | Reached skill level 10 in Slings
  7935 | D:7      | Reached XP level 9. HP: 33/60 MP: 9/9
  8262 | D:7      | Noticed a hippogriff
  8291 | D:7      | Killed a hippogriff
  8364 | D:7      | Reached skill level 11 in Slings
  8765 | D:7      | Found a staircase to the Ecumenical Temple.
  8795 | Temple   | Entered the Ecumenical Temple
  9094 | D:8      | Identified 2 scrolls of acquirement
  9095 | D:8      | Got a coiled turquoise ring
  9096 | D:8      | Identified the ring of Dawn {Fire rElec MR+ Int+2} (You
                  | acquired it on level 8 of the Dungeon)
  9098 | D:8      | Got a heavily runed lead ring
  9100 | D:8      | Identified the ring "Tesk" {Ice MR++ Str-4 Int+3} (You
                  | acquired it on level 8 of the Dungeon)
  9364 | D:8      | Found a sparkling altar of Nemelex Xobeh.
  9418 | D:8      | Found Tufyulyk's Gadget Boutique.
  9606 | D:8      | Noticed a rime drake
  9607 | D:8      | Noticed a two-headed ogre
  9858 | D:8      | Found a staircase to the Lair.
  9859 | D:8      | Noticed a komodo dragon
 10005 | D:8      | Reached XP level 10. HP: 46/69 MP: 10/10
 10240 | D:8      | Reached skill level 12 in Slings
 11027 | D:9      | Found a staircase to the Orcish Mines.
 11465 | D:9      | Found an iron altar of Okawaru.
 11477 | D:9      | Became a worshipper of Warmaster Okawaru
 11592 | D:10     | Entered Level 10 of the Dungeon
 12008 | D:10     | Reached skill level 1 in Shields
 12060 | D:10     | Reached * piety under Okawaru
 12458 | D:10     | Reached skill level 10 in Short Blades
 12546 | Orc:1    | Entered Level 1 of the Orcish Mines
 12546 | Orc:1    | Noticed an orc knight
 12577 | D:9      | Reached skill level 13 in Slings
 12761 | D:9      | Reached ** piety under Okawaru
 12994 | D:9      | Reached XP level 11. HP: 39/77 MP: 8/11
 13249 | D:8      | Killed an orc knight
 13455 | Orc:1    | Noticed Urug
 13626 | Orc:1    | Noticed a cyclops
 13645 | D:9      | Killed Urug
 13671 | Orc:1    | Killed a cyclops
 13671 | Orc:1    | Reached skill level 5 in Dodging
 13854 | Orc:1    | Noticed a two-headed ogre
 13859 | Orc:1    | Noticed Josephine
 13863 | Orc:1    | Noticed an orc knight
 14299 | D:9      | Killed a two-headed ogre
 14299 | D:9      | Reached *** piety under Okawaru
 14383 | D:9      | Killed Josephine
 14383 | D:9      | Reached skill level 14 in Slings
 14383 | D:9      | Reached skill level 5 in Shields
 14804 | D:8      | Killed an orc knight
 14820 | D:9      | Reached **** piety under Okawaru
 15303 | D:9      | Received a gift from Okawaru
 15402 | Orc:1    | Noticed Snorg
 15830 | D:8      | Found a stormy altar of Qazlal.
 15921 | D:8      | Killed a two-headed ogre
 15921 | D:8      | Received a gift from Okawaru
 15921 | D:8      | Reached XP level 12. HP: 86/86 MP: 12/12
 16127 | D:9      | Killed Snorg
 16233 | Orc:2    | Entered Level 2 of the Orcish Mines
 16605 | Lair:1   | Entered Level 1 of the Lair of Beasts
 16775 | Lair:1   | Reached skill level 15 in Slings
 16958 | Lair:1   | Reached ***** piety under Okawaru
 17849 | Lair:2   | Reached skill level 10 in Fighting
 17933 | Lair:2   | Found a hole to the Spider Nest.
 18073 | Lair:2   | Reached skill level 1 in Armour
 18080 | Lair:2   | Received a gift from Okawaru
 18421 | Lair:2   | Noticed a six-headed hydra
 18427 | Lair:2   | Killed a six-headed hydra
 18427 | Lair:2   | Reached XP level 13. HP: 92/92 MP: 13/13
 18437 | Lair:2   | Found a staircase to the Swamp.
 18722 | Lair:3   | Received a gift from Okawaru
 18732 | Lair:3   | Found a runed translucent door.
 18733 | Lair:3   | Noticed Ixtylaz's ghost (novice FeSu)
 18742 | Lair:3   | Identified the cursed +0 trident of the Valley {drain, rN+}
 19187 | Lair:3   | Received a gift from Okawaru
 19644 | Lair:4   | Noticed a seven-headed hydra
 19651 | Lair:4   | Killed a seven-headed hydra
 19651 | Lair:4   | Received a gift from Okawaru
 19651 | Lair:4   | Reached skill level 16 in Slings
 19857 | Lair:4   | Received a gift from Okawaru
 20391 | Lair:4   | Received a gift from Okawaru
 20392 | Lair:4   | Found the +7 Spriggan's Knife {stab, EV+4 Stlth+}
 20990 | Lair:5   | Reached skill level 5 in Armour
 21079 | Lair:5   | Found a gate leading to a gauntlet.
 21089 | Gauntlet | Entered a Gauntlet
 21089 | Gauntlet | Found a transporter.
 21089 | Gauntlet | Found a transporter.
 21093 | Gauntlet | Found a transporter.
 21094 | Gauntlet | Found a transporter.
 21105 | Gauntlet | Found a transporter.
 21105 | Gauntlet | Found a transporter.
 21115 | Gauntlet | Noticed a hell beast
 21116 | Gauntlet | Found a transporter.
 21118 | Gauntlet | Found a transporter.
 21121 | Gauntlet | Found the cursed necklace of Bloodlust {*Rage +Rage MR++
                  | Int-3 Slay+6 *Curse}
 21129 | Gauntlet | Found a transporter.
 21129 | Gauntlet | Found a transporter.
 21143 | Gauntlet | Found a transporter.
 21223 | Gauntlet | Found a transporter.
 21354 | Gauntlet | Killed a hell beast
 21366 | Gauntlet | Got a pitted lapis lazuli ring
 21626 | Gauntlet | Received a gift from Okawaru
 21685 | Gauntlet | Got an ancient ring mail {god gift}
 21921 | Gauntlet | Got a pair of faintly humming gloves
 21932 | Gauntlet | Identified the +2 pair of gloves "Fimewk" {rCorr Str-2
                  | Int-3 Dex+6} (You found it in a Gauntlet)
 21942 | Gauntlet | Identified the +2 ring mail of Charity {Str+5 Int-2 Dex+9
                  | Stlth-} (Okawaru gifted it to you in a Gauntlet)
 21952 | Gauntlet | Noticed a minotaur
 22006 | Gauntlet | Killed a minotaur
 22006 | Gauntlet | Reached XP level 14. HP: 70/101 MP: 14/14
 22037 | Lair:5   | Identified the ring of the Distant Future {rPois rCorr MP+9
                  | Str+2} (You found it in a Gauntlet)
 22564 | Lair:5   | Reached skill level 10 in Dodging
 22834 | Lair:6   | Entered Level 6 of the Lair of Beasts
 22945 | Lair:6   | Reached skill level 1 in Invocations
 23035 | Lair:6   | Reached skill level 17 in Slings
 23227 | Lair:5   | Reached skill level 10 in Shields
 23608 | Lair:6   | Received a gift from Okawaru
 23737 | Lair:6   | Reached ****** piety under Okawaru
 24402 | Lair:6   | Found a viscous altar of Jiyva.
 24402 | Lair:6   | Found a staircase to the Slime Pits.
 25048 | Orc:2    | Found Tayruut's Distillery.
 25142 | Orc:2    | Received a gift from Okawaru
 25446 | Orc:2    | Reached skill level 5 in Invocations
 25509 | Orc:2    | Reached XP level 15. HP: 106/106 MP: 18/18
 25575 | Orc:2    | Found a staircase to the Elven Halls.
 25641 | Orc:2    | Reached skill level 18 in Slings
 25704 | Orc:2    | Found Vuanguti's Assorted Antiques.
 25758 | Orc:2    | Bought a scroll labeled VYMAH FUUPIUM for 33 gold pieces
 25831 | Orc:2    | Found Ushon's Gadget Boutique.
 25831 | Orc:2    | Found Verr's Book Emporium.
 25835 | Orc:2    | Found Lamm's Armour Emporium.
 25835 | Orc:2    | Found Rifivure's Distillery.
 26022 | Orc:2    | Found Poippaarph's Assorted Antiques.
 26030 | Orc:2    | Bought a scroll labeled ASYHOE LUIH for 31 gold pieces
 26974 | D:5      | Noticed Prince Ribbit
 26977 | D:5      | Killed Prince Ribbit
 27029 | D:5      | Killed athos's ghost
 27108 | D:4      | Killed Crazy Yiuf
 27418 | D:11     | Received a gift from Okawaru
 27535 | D:11     | Noticed Erica
 27540 | D:11     | Killed Erica
 27588 | D:11     | Noticed Psyche
 27591 | D:11     | Killed Psyche
 27904 | D:11     | Received a gift from Okawaru
 28190 | D:12     | Received a gift from Okawaru
 28983 | D:13     | Reached skill level 10 in Armour
 29060 | D:13     | Noticed Jorgrun
 29081 | D:13     | Killed Jorgrun
 29081 | D:13     | Reached skill level 19 in Slings
 29081 | D:13     | Reached XP level 16. HP: 32/112 MP: 22/22
 29515 | D:13     | Received a gift from Okawaru
 29543 | D:13     | Found a gate to the Vaults.
 29594 | D:13     | Noticed Frances
 29615 | D:13     | Killed Frances
 29615 | D:13     | Received a gift from Okawaru
 29636 | D:13     | Identified a +0 pair of boots of running (Okawaru gifted it
                  | to you on level 13 of the Dungeon)
 29819 | D:13     | Noticed Nessos
 29835 | D:13     | Killed Nessos
 30128 | D:13     | Noticed Azrael
 30154 | D:13     | Killed Azrael
 31960 | Swamp:1  | Entered Level 1 of the Swamp
 32041 | Swamp:1  | Identified the +1 scale mail "Xyzomuj" {rCorr Str+2} (You
                  | found it on level 1 of the Swamp)
 32763 | Swamp:1  | Received a gift from Okawaru
 33424 | Swamp:1  | Noticed a thorn hunter
 33438 | Swamp:1  | Killed a thorn hunter
 33783 | Swamp:1  | Reached XP level 17. HP: 94/119 MP: 24/24
 33798 | Swamp:1  | Reached skill level 20 in Slings
 33798 | Swamp:1  | Reached skill level 10 in Invocations
 34403 | Swamp:2  | Received a gift from Okawaru
 35899 | Swamp:3  | Received a gift from Okawaru
 35914 | Swamp:3  | Noticed a thorn hunter
 35940 | Swamp:3  | Killed a thorn hunter
 36483 | Swamp:3  | Received a gift from Okawaru
 36513 | Swamp:3  | Got a jewelled hunting sling {god gift}
 36514 | Swamp:3  | Identified the +3 hunting sling of Mitaasm {freeze, rPois
                  | rN+ Str+4 Int-2} (Okawaru gifted it to you on level 3 of
                  | the Swamp)
 36933 | Swamp:4  | Entered Level 4 of the Swamp
 37208 | Swamp:4  | Noticed Nikola
 37225 | Swamp:4  | Noticed a thorn hunter
 37640 | Swamp:3  | Killed a thorn hunter
 37815 | Swamp:3  | Killed Nikola
 38935 | Swamp:4  | Received a gift from Okawaru
 39405 | Swamp:4  | Received a gift from Okawaru
 39408 | Swamp:4  | Identified the +9 hunting sling of Plague {speed, Fragile
                  | rElec rC++ Dex+4} (Okawaru gifted it to you on level 4 of
                  | the Swamp)
 39796 | Swamp:4  | Noticed a thorn hunter
 39816 | Swamp:4  | Killed a thorn hunter
 39816 | Swamp:4  | Reached XP level 18. HP: 37/127 MP: 25/25
 40257 | Swamp:4  | Noticed a tentacled monstrosity
 40295 | Swamp:4  | Killed a tentacled monstrosity
 40748 | Swamp:4  | Received a gift from Okawaru
 40753 | Swamp:4  | Reached skill level 21 in Slings
 40934 | Swamp:4  | Got a decaying rune of Zot
 41143 | Spider:1 | Entered Level 1 of the Spider Nest
 41509 | Spider:1 | Received a gift from Okawaru
 43083 | Spider:2 | Noticed Louise
 43114 | Spider:2 | Killed Louise
 43122 | Spider:2 | Reached skill level 15 in Dodging
 44125 | Spider:3 | Noticed Asterion
 44158 | Spider:3 | Killed Asterion
 44516 | Spider:3 | Noticed Aizul
 44573 | Spider:2 | Killed Aizul
 44573 | Spider:2 | Received a gift from Okawaru
 45153 | Spider:3 | Received a gift from Okawaru
 45154 | Spider:3 | Got a scorched helmet {god gift}
 45155 | Spider:3 | Identified the +0 helmet of Ribary {rC+ MR- Str+2} (Okawaru
                  | gifted it to you on level 3 of the Spider Nest)
 45563 | Spider:4 | Entered Level 4 of the Spider Nest
 46019 | Spider:4 | Noticed Roxanne
 46067 | Spider:4 | Reached XP level 19. HP: 90/135 MP: 26/26
 47546 | Spider:4 | Reached XP level 20. HP: 142/142 MP: 27/27
 47614 | Spider:4 | Noticed Arachne
 47890 | Spider:3 | Killed Arachne
 48888 | Spider:4 | Received a gift from Okawaru
 49216 | Spider:4 | Reached skill level 22 in Slings
 49241 | Spider:4 | Got a gossamer rune of Zot
 49491 | Lair:3   | Killed Ixtylaz's ghost
 49992 | Orc:2    | Bought a shiny shield for 232 gold pieces
 49992 | Orc:2    | Bought a scorched double sword for 620 gold pieces
 50002 | Orc:2    | Identified the +6 double sword "Taetrohaott" {slice, rN+++
                  | Dex+5} (You bought it in a shop on level 2 of the Orcish
                  | Mines)
 50158 | D:15     | Entered Level 15 of the Dungeon
 50293 | D:14     | Received a gift from Okawaru
 50693 | D:15     | Received a gift from Okawaru
 50819 | D:15     | Found a portal to a secret trove of treasure.
 51228 | D:15     | Received a gift from Okawaru
 51643 | D:15     | Found a staircase to the Depths.
 51868 | Vaults:1 | Entered Level 1 of the Vaults
 52500 | Vaults:1 | Reached XP level 21. HP: 148/148 MP: 28/28
 54655 | Vaults:1 | Received a gift from Okawaru
 54693 | Vaults:1 | Identified the +4 hunting sling "Zevul" {venom, rElec Str-5
                  | Int+6} (Okawaru gifted it to you on level 1 of the Vaults)
 55357 | Vaults:2 | Found a staircase to the Crypt.
 55581 | Vaults:2 | Reached skill level 23 in Slings
 55766 | Vaults:2 | Got a pitted wooden ring
 55768 | Vaults:2 | Identified the ring "Juj Qurr" {*Drain rPois rC+ Str+7
                  | Dex+2} (You acquired it on level 2 of the Vaults)
 55794 | Vaults:2 | Got a heavily runed diamond amulet
 55795 | Vaults:2 | Identified the amulet of the Philosopher {+Blink +Fly rN+
                  | MR+ Regen+ Dex-3} (You acquired it on level 2 of the
                  | Vaults)
 55844 | Vaults:2 | Received a gift from Okawaru
 55895 | Vaults:2 | Noticed Jory
 55928 | Vaults:2 | Killed Jory
 56184 | Vaults:2 | Reached skill level 15 in Short Blades
 56303 | Vaults:2 | Reached XP level 22. HP: 126/156 MP: 29/29
 56701 | Vaults:2 | Found a runed translucent gate.
 56701 | Vaults:2 | Found a runed translucent gate.
 56701 | Vaults:2 | Found a runed translucent gate.
 56703 | Vaults:2 | Noticed flyingllamaman's ghost (adept FoFi)
 56866 | Vaults:2 | Reached skill level 15 in Fighting
 57213 | Vaults:2 | Identified the ring "Jazxeble" {MR+ Int-5 Dex+7 Slay+5}
 57908 | Vaults:3 | Reached skill level 15 in Shields
 58466 | Vaults:3 | Received a gift from Okawaru
 59190 | Vaults:4 | Received a gift from Okawaru
 59191 | Vaults:4 | Got a pair of pitted gloves {god gift}
 59210 | Vaults:4 | Identified the +0 pair of gloves "Cirin" {rC+ Str+2}
                  | (Okawaru gifted it to you on level 4 of the Vaults)
 59431 | Vaults:4 | Identified the +10 long sword of the Gloaming {venom, Int+3
                  | Stlth+} (You found it on level 4 of the Vaults)
 60376 | Vaults:4 | Noticed Sojobo
 60444 | Vaults:4 | Reached skill level 24 in Slings
 60937 | Vaults:4 | Killed Sojobo
 60937 | Vaults:4 | Reached XP level 23. HP: 152/164 MP: 30/30
 61604 | Orc:2    | Bought a potion of heal wounds for 70 gold pieces
 61604 | Orc:2    | Bought a potion of mutation for 112 gold pieces
 61604 | Orc:2    | Bought a potion of heal wounds for 70 gold pieces
 61633 | Orc:2    | Bought a potion of haste for 150 gold pieces
 61633 | Orc:2    | Bought a potion of resistance for 150 gold pieces
 61649 | Orc:2    | Bought a potion of haste for 330 gold pieces
 61685 | Elf:1    | Entered Level 1 of the Elven Halls
 62322 | Elf:1    | Noticed Donald
 62358 | Elf:1    | Killed Donald
 62358 | Elf:1    | Received a gift from Okawaru
 62530 | Elf:1    | Found Gimus's General Store.
 63333 | Elf:2    | Found a huge runed translucent gate.
 63333 | Elf:2    | Found a huge runed translucent gate.
 63333 | Elf:2    | Found a huge runed translucent gate.
 63333 | Elf:2    | Found a huge runed translucent gate.
 63334 | Elf:2    | Found a huge runed translucent gate.
 63384 | Elf:2    | Noticed Agnes
 63399 | Elf:2    | Killed Agnes
 63949 | Elf:3    | Entered Level 3 of the Elven Halls
 63965 | Elf:3    | Got a shimmering amber ring
 63966 | Elf:3    | Identified the ring "Imacarun" {*Contam rC+ Dex+5 SInv}
                  | (You acquired it on level 3 of the Elven Halls)
 64524 | Elf:3    | Received a gift from Okawaru
 64691 | Elf:3    | Identified the +2 plate armour of the End {MR++ Dex-4 SInv
                  | Stlth+}
 64730 | Elf:3    | Reached XP level 24. HP: 60/172 MP: 30/30
 65008 | Elf:3    | Found the +7 great mace "Undeadhunter" {disrupt, rN+}
 65008 | Elf:3    | Identified the Volume of Entrancing Augmentations
 65052 | Elf:3    | Identified Zonal's Grimoire of the Feathery Voyage
 65097 | Elf:3    | Identified Kaab's Reference Book on the Boosting Blaze
 66010 | Depths:1 | Entered Level 1 of the Depths
 66586 | D:15     | Received a gift from Okawaru
 66767 | D:15     | Reached skill level 25 in Slings
 67213 | D:15     | Received a gift from Okawaru
 67962 | Depths:1 | Found a one-way gate to the infinite horrors of the Abyss.
 68124 | Depths:1 | Received a gift from Okawaru
 68314 | Depths:1 | Identified the Incunabulum of the Freezing Oath
 68446 | Depths:1 | Got a wavering wooden ring
 68447 | Depths:1 | Identified the ring of Rashram {rN+ Str+4 Dex+6} (You found
                  | it on level 1 of the Depths)
 68673 | Depths:1 | Found a gateway to Hell.
 68892 | Depths:1 | Found a one-way gate leading to the halls of Pandemonium.
 69457 | Depths:2 | Found a gateway to a ziggurat.
 69473 | Depths:2 | Received a gift from Okawaru
 69481 | Depths:2 | Reached XP level 25. HP: 172/180 MP: 30/30
 69678 | Depths:2 | Received a gift from Okawaru
 70064 | Depths:2 | Received a gift from Okawaru
 70418 | Depths:2 | Noticed an ancient lich
 70469 | Depths:2 | Killed an ancient lich
 70469 | Depths:2 | Received a gift from Okawaru
 70470 | Depths:2 | Found the +8 arc blade {discharge, rElec}
 70619 | Depths:2 | Found the +4 skin of Zhor {Hibernate rC+++ SInv}
 70630 | Depths:2 | Identified the ring "Ruyn Isui" {rN++ Int+6 Dex-4 Stlth+}
                  | (You found it on level 2 of the Depths)
 70658 | Depths:2 | Identified the +7 long sword of Evisceration {elec, Int+4}
                  | (You found it on level 2 of the Depths)
 71217 | Depths:2 | Reached skill level 26 in Slings
 71252 | Depths:2 | Noticed a juggernaut
 71253 | Depths:2 | Received a gift from Okawaru
 71622 | Depths:2 | Killed a juggernaut
 72275 | Depths:3 | Gained mutation: You do not regenerate when monsters are
                  | visible. [a cacodemon]
 72324 | Depths:3 | Reached XP level 26. HP: 188/188 MP: 30/30
 73853 | Depths:3 | Received a gift from Okawaru
 73922 | Depths:3 | Identified the +1 scale mail of Tefakum Quda {rC+} (You
                  | found it on level 3 of the Depths)
 74215 | Depths:4 | Received a gift from Okawaru
 74640 | Depths:4 | Received a gift from Okawaru
 74770 | Depths:4 | Reached skill level 15 in Armour
 74774 | Depths:4 | Gained mutation: You are partially covered in slimy green
                  | scales. (AC +2) [a shining eye]
 74953 | Depths:4 | Received a gift from Okawaru
 74954 | Depths:4 | Got a jacinth-encrusted plate armour {god gift}
 74955 | Depths:4 | Identified the +3 plate armour "Eriu" {Dex+2} (Okawaru
                  | gifted it to you on level 4 of the Depths)
 75279 | Depths:4 | Noticed a juggernaut
 75298 | Depths:4 | Killed a juggernaut
 75449 | Depths:4 | Reached XP level 27. HP: 130/195 MP: 30/30
 75735 | Depths:5 | Entered Level 5 of the Depths
 75796 | Depths:4 | Reached skill level 27 in Slings
 76676 | Depths:5 | Received a gift from Okawaru
 76894 | Depths:5 | Received a gift from Okawaru
 76904 | Depths:5 | Identified the +7 scale mail "Velau" {*Contam rElec Regen+
                  | Int+3} (Okawaru gifted it to you on level 5 of the Depths)
 77573 | Depths:5 | Noticed Margery
 77580 | Depths:5 | Killed Margery
 77612 | Depths:5 | Found a gate to the Realm of Zot.
 77849 | D:15     | You paid a toll of +4 shadow dragon scales to enter a
                  | treasure trove
 77850 | Trove    | Entered a treasure trove
 77862 | Trove    | Identified Sif Muna's Disquisition on Sinister Rites and
                  | Cold
 77902 | Trove    | Got a wavering lead amulet
 77906 | Trove    | Got a heavily runed zirconium amulet
 77919 | Trove    | Identified the amulet "Iklosm" {Reflect Str+4 SH+2} (You
                  | found it in a treasure trove)
 77920 | Trove    | Identified the amulet "Liwyirei" {Acrobat MR- Str+7} (You
                  | found it in a treasure trove)
 78269 | Vaults:2 | Killed flyingllamaman's ghost
 78301 | Vaults:2 | Identified the +2 hat "Apaop" {rC+} (You found it on level
                  | 2 of the Vaults)
 78726 | Vaults:5 | Entered Level 5 of the Vaults
 79146 | Vaults:5 | Identified the +8 rapier of Diet Blood {pierce, rElec}
 79918 | Vaults:5 | Received a gift from Okawaru
 80247 | Vaults:5 | Received a gift from Okawaru
 80604 | Vaults:5 | Lost intelligence.
 80663 | Vaults:5 | Lost intelligence.
 80816 | Vaults:5 | Received a gift from Okawaru
 81131 | Vaults:5 | Received a gift from Okawaru
 81426 | Vaults:5 | Got a silver rune of Zot
 82239 | Zot:1    | Entered Level 1 of the Realm of Zot
 82294 | Zot:1    | Noticed Juzit's ghost (legendary GnFi)
 82303 | Zot:1    | Found a transporter.
 82315 | Zot:1    | Found a transporter.
 82507 | Zot:1    | Found a transporter.
 82510 | Zot:1    | Found the +0 mask of the Dragon {MR+ Slay+3 SInv}
 82558 | Zot:1    | Found a transporter.
 83664 | Zot:1    | Found a glowing silver altar of Zin.
 83689 | Zot:1    | Identified the Almanac of Fire and Brimstone
 83698 | Zot:1    | Identified the Volume of the Zealot
 83748 | Zot:1    | Received a gift from Okawaru
 84430 | Zot:2    | HP: 9/196 [storm dragon (15)]
 84430 | Zot:2    | HP: 1/196 [deathcap/drain life[a curse toe] (8)]
 85943 | Zot:2    | Received a gift from Okawaru
 86444 | Zot:2    | Received a gift from Okawaru
 86550 | Zot:2    | HP: 3/197 [deathcap/drain life[a curse toe] (9)]
 86557 | Zot:2    | Killed from afar by a deathcap

Levels and vault maps discovered:
D:1:      psy_arrival_radial01, layout_basic
D:2:      layout_rooms, serial_glass, glass_columns_c, glass_columns_a,
          minmay_bisected
D:3:      layout_basic, uniq_terence
D:4:      layout_basic, cheibriados_altar_1,
          chequers_temple_overflow_minitemple, uniq_crazy_yiuf_cottage,
          uniq_ijyb, uniq_grinder
D:5:      layout_loops_ring, ebering_ghost_sewer_d, first_ration,
          uniq_prince_ribbit1
D:6:      layout_basic
D:7:      layout_loops_ring, minmay_temple_entry_gardened_gates, grunt_ogre_cave
D:8:      wad_statue_garden, layout_loops_ring, marbit_many_paths,
          nemelex_xobeh_ov_fountains_minmay, david_lair_shrubbed,
          kennysheep_small_square
D:9:      layout_basic, lemuel_round_altar, orc_0_dummy
D:10:     layout_roguey
D:11:     layout_loops_cross, uniq_erica, uniq_psyche
D:12:     layout_irregular_city
D:13:     layout_gridville, david_vaults_1, uniq_jorgrun, uniq_azrael,
          uniq_nessos, uniq_frances
D:14:     layout_basic, serial_corexii_hall, corexii_hall_statues_t,
          chequers_hall_statues_corner_a, hangedman_abyss_or_decor_clamps
D:15:     grunt_enter_depths_hoard, layout_rooms, enter_trove_3,
          minmay_misc_feat_hallway
Temple:   nicolae_temple_no_exploring_needed
Lair:1:   layout_cave_pods
Lair:2:   layout_chaotic_city, minmay_swamp_entry_reptiles,
          spider_nest_entry_web_field, minivault_19, beast_lair_carwin_11,
          infiniplex_staircase_pool
Lair:3:   layout_misc_corridors, ebering_ghost_funeral_grove,
          serial_bayou_shore_a
Lair:4:   layout_cave_pods, grunt_megastairs_4, lemuel_fruit_tree
Lair:5:   layout_loops_ring, gauntlet_entry_generic
Lair:6:   minmay_lair_end_enchanted_forest, layout_regular_city,
          dpeg_slime_entry_enclosed_altar, st_stairs_9
Swamp:1:  layout_basic_swamp, evilmike_swamp_ruin_rubble_2, swamp_pool2
Swamp:2:  layout_basic_swamp, evilmike_swamp_ruin_rubble_1,
          infiniplex_staircase_pool_2
Swamp:3:  cheibrodos_swamp_tower_of_moss, layout_basic_swamp, serial_swamp_ruin,
          hangedman_swamp_ruin_wall, evilmike_swamp_ruin_house_3,
          evilmike_swamp_ruin_house_4, swamp_pool5
Swamp:4:  swamp_vile, layout_basic_swamp, swamp_pool1, uniq_nikola
Spider:1: layout_spider_delve, minmay_another_anthill
Spider:2: layout_spider_delve, uniq_louise
Spider:3: layout_spider_delve, uniq_aizul, uniq_asterion
Spider:4: grunt_spider_rune_circles, spiders_nest_ghost_moth_duel, uniq_arachne,
          uniq_roxanne
Orc:1:    layout_caves, uniq_josephine, uniq_urug, uniq_snorg
Orc:2:    st_orc_ogre_mass, layout_caves, serial_shops, shop,
          nicolae_shop_stone, shop, nicolae_orc_lava_tube, hangedman_minor_magic
Elf:1:    minmay_elf_arrival_summoners, layout_loops_corners, serial_shops,
          shop, minivault_28, grunt_ministairs_11, nooodl_food_tri, uniq_donald
Elf:2:    layout_loops_cross, dk_noncrumbling_2, uniq_agnes
Elf:3:    elf_hall, layout_gridlike, hangedman_decor_cross_pass
Vaults:1: nicolae_vaults_theta, v_misc_30, nicolae_vaults_circle_grid_b,
          v_rooms_2, vaults_room_large_hall, nicolae_vaults_quadrants,
          dpeg_vaults_monster_box, v_misc_26, hangedman_vaults_capsules,
          hangedman_vaults_slither, nicolae_vaults_theta,
          ontoclasm_vaults_gateway, hangedman_vaults_impose,
          nicolae_vaults_rhombus_7, grunt_vaults_hallway_short,
          layout_vaults_ring
Vaults:2: gammafunk_vaults_ghost_tricky_traps, hangedman_vaults_restitches,
          nicolae_vaults_ninety_degrees, ontoclasm_vaults_shuriken,
          nicolae_vaults_shelves_hall, v_misc_17, hangedman_vaults_pinch,
          hangedman_vaults_corner, st_cross, vaults_dpeg_doors,
          nicolae_vaults_network_star, vaults_room_hallway, v_misc_9,
          ontoclasm_vaults_ligature, vaults_dpeg_cross,
          ontoclasm_vaults_loading_screen, layout_vaults_maze, uniq_jory
Vaults:3: hangedman_vaults_corner_blocks, nicolae_vaults_specimen_jars,
          v_misc_1, v_misc_27, nicolae_vaults_alarming, layout_vaults_quadrants
Vaults:4: hangedman_vaults_variations, v_misc_26, vaults_room_grid,
          hangedman_vaults_nodes, v_misc_9, v_misc_3, nicolae_vaults_big_ls,
          vaults_room_pools, vaults_room_grid,
          nicolae_vaults_diagonal_hallway_9, nicolae_vaults_little_squares_2,
          nicolae_vaults_little_ls, v_misc_19, vaults_room_hallway,
          layout_vaults_omnibox, uniq_sojobo
Vaults:5: serial_shops
Depths:1: minmay_chopped_fan, layout_cave_pools, rand_demon_pan_entry_4,
          serial_sigils_hangedman_shear, special_room
          [special_room_mythical_zoo], abyss_entry, pf_dread_powers_of_hell
Depths:2: minmay_the_grid_3x3 [minmay_the_grid_garden, minmay_the_grid_slots,
          minmay_the_grid_minigrid_medium, minmay_the_grid_tiny_cups,
          minmay_the_grid_tri_star, minmay_the_grid_minigrid_large,
          minmay_the_grid_pillar_ring, minmay_the_grid_tree,
          minmay_the_grid_prize_big_room], layout_twisted_cross,
          enter_ziggurat_e, hell_entry, abyss_entry_crystal
Depths:3: hangedman_stitches_corridor, layout_cave_shapes,
          rand_demon_pan_entry_8, hangedman_tar_grid_catacomb, drop_trap,
          kennysheep_inner_square
Depths:4: minmay_textured_paths, layout_basic, abyss_entry, hell_entry,
          minmay_misc_feat_columns, minmay_misc_feat_rows
Depths:5: grunt_zot_entry_gee_three, layout_cave_pools, pan_entry, hell_entry,
          minmay_crystal_water, minivault_16, uniq_margery
Zot:1:    nicolae_zot_draconian_monastery, layout_cathedral_of_symmetry,
          gammafunk_ghost_arena, chequers_guarded_unrand_mask_of_the_dragon
Zot:2:    layout_cathedral_of_symmetry, zot_minivault_3

Skill      XL: |  1  2  3  4  5  6  7  8  9 10 11 12 13 14 15 16 17 18 19 20 21 22 23 24 25 26 27 |
---------------+----------------------------------------------------------------------------------+-----
Fighting       | 2 3 4 5 7 8 9 10 11 12 13 14 15 16 17 18 | 18.5
Short Blades   | 1 2 3 4 5 7 8 10 11 12 13 15 18 | 18.8
Slings         | 6 7 8 9 10 11 13 14 15 16 17 19 20 21 22 23 24 25 26 27 | 27.0
Shields        | 3 6 8 9 10 12 13 14 15 16 17 18 21 | 21.0
Dodging        | 4 6 8 9 11 12 13 14 15 16 17 18 19 20 22 | 22.7
Armour         | 2 5 8 10 11 13 14 15 18 | 18.6
Invocations    | 5 8 9 10 | 10.0
Stealth        | |  1.1

Action                   |  1- 3 |  4- 6 |  7- 9 | 10-12 | 13-15 | 16-18 | 19-21 | 22-24 | 25-27 || total
-------------------------+-------+-------+-------+-------+-------+-------+-------+-------+-------++-------
Melee: Short sword       |   163 |     2 |       |   103 |    47 |       |       |       |       ||   315
       Dagger            |       |   169 |   758 |   188 |       |       |       |       |       ||  1115
       Knife             |       |       |       |       |    27 |       |    25 |       |       ||    52
       Rapier            |       |       |       |       |    39 |  1809 |  1890 |   855 |  2471 ||  7064
       Scimitar          |       |       |       |       |       |   447 |       |       |       ||   447
       Long sword        |       |       |       |       |       |       |       |    11 |       ||    11
       Demon blade       |       |       |       |       |       |       |       |       |     8 ||     8
 Fire: Hunting sling     |       |    10 |    52 |       |       |     5 |       |       |       ||    67
       Fustibalus        |       |       |       |   573 |  1370 |   244 |    45 |  1828 |  1095 ||  5155
Invok: Heroism           |       |       |       |    15 |     6 |     4 |       |     5 |     4 ||    34
       Finesse           |       |       |       |       |     1 |       |       |     6 |     5 ||    12
  Use: Scroll            |       |     9 |    12 |     8 |    11 |    11 |     8 |    11 |    28 ||    98
       Potion            |       |       |       |     7 |     3 |     2 |     2 |     4 |    19 ||    37
 Stab: Sleeping          |     2 |     1 |       |       |       |       |    12 |       |       ||    15
       Confused          |       |       |       |       |       |     2 |       |       |       ||     2
       Petrifying        |       |       |       |       |       |       |     1 |       |       ||     1
       Distracted        |       |       |       |       |       |       |     1 |       |       ||     1
  Eat: Chunk             |     3 |     6 |    14 |    22 |    21 |    29 |    22 |    34 |    31 ||   182
       Ration            |       |       |     2 |     1 |     3 |     8 |     3 |     1 |     6 ||    24
Armor: Ring mail         |    67 |    45 |    51 |       |    48 |   361 |   199 |   188 |   237 ||  1196
       Skin              |       |     3 |       |       |       |       |       |       |       ||     3
       Scale mail        |       |       |   193 |   194 |    98 |       |       |       |       ||   485
Dodge: Dodged            |   131 |    85 |   285 |   338 |   507 |  2390 |  1357 |  1208 |  1424 ||  7725
Block: Buckler           |       |       |    84 |   164 |   293 |  1576 |   309 |       |       ||  2426
       Shield            |       |       |       |       |       |       |   995 |  1474 |  1979 ||  4448
       Reflection        |       |       |       |       |       |       |       |       |    38 ||    38
       Rpst.: Scimitar   |       |       |       |       |       |   102 |       |       |       ||   102
       Long sword        |       |       |       |       |       |       |       |     1 |       ||     1
       Demon blade       |       |       |       |       |       |       |       |       |     1 ||     1
